 Dungeon Crawl Stone Soup version 0.17.0-24-gcfadda4 (webtiles) character file.

320 homeworkjunkie the Sneak (level 6, -12/31 HPs)
             Began as a Spriggan Assassin on Nov 17, 2015.
             Hit by a large rock thrown by a cyclops (20 damage)
             ... on level 7 of the Dungeon.
             The game lasted 00:10:11 (4691 turns).

homeworkjunkie the Sneak (Spriggan Assassin)        Turns: 4691, Time: 00:10:11

Health: -12/31     AC:  3    Str:  7    XL:     6   Next: 22%
Magic:  0/7        EV: 22    Int: 12    God:
Gold:   130        SH:  0    Dex: 20    Spells: 0 memorised, 5 levels left

rFire  x . .     SeeInvis +     b - +0 blowgun
rCold  + . .     Clarity  .     c - +0 robe
rNeg   . . .     SustAt   .     (shield restricted)
rPois  .         Gourm    .     (helmet restricted)
rElec  .         Spirit   +     d - +0 cloak
rCorr  .         Warding  .     (gloves unavailable)
rMut   .         Stasis   .     (boots unavailable)
MR     +....                    r - amulet of guardian spirit
Stlth  +++++.....               (no ring)
                                j - ring of ice

@: very quick, somewhat resistant to hostile enchantments, quite stealthy
A: unfitting armour, see invisible, herbivore 3, speed 3, slow metabolism 2
a: no special abilities


You were on level 7 of the Dungeon.
You were not hungry.

You visited 1 branch of the dungeon, and saw 7 of its levels.

You collected 260 gold pieces.
You spent 130 gold pieces at shops.

Inventory:

Hand Weapons
 a - a +4 dagger
 b - a +0 blowgun (weapon)
 u - a +0 hunting sling
Missiles
 f - 15 poisoned needles (quivered)
 x - a curare-tipped needle
Armour
 c - a +0 robe (worn)
 d - a +0 cloak (worn)
Jewellery
 j - a ring of ice (left hand)
 r - an amulet of guardian spirit (around neck)
Wands
 e - a wand of random effects (28)
Scrolls
 m - 2 scrolls of remove curse
 n - a scroll of magic mapping
 q - a scroll of immolation
 t - 3 scrolls of teleportation
Potions
 h - 3 potions of curing
 i - a potion of resistance
 k - a potion of brilliance
 l - 2 potions of might {unknown}
 o - 2 potions of mutation
 p - a potion of berserk rage {unknown}
 s - 3 potions of agility {unknown}
 v - a potion of cancellation {unknown}
 z - 2 potions of lignification {unknown}
Comestibles
 g - 3 bread rations


   Skills:
 * Level 2.3 Fighting
 * Level 3.6 Short Blades
 * Level 2.5 Throwing
 * Level 5.5 Dodging
 * Level 7.7 Stealth


You had 5 spell levels left.
You didn't know any spells.

Dungeon Overview and Level Annotations

Branches:
Dungeon (7/15)
 Temple: D:4-7

Altars:
Cheibriados
Dithmenos
Fedhas
Gozag
Kikubaaqudgha
Nemelex Xobeh
Vehumet
Yredelemnul
The Shining One

Shops:
D:6 [   D:7 %

Annotations:
D:3 Scarn's ghost, amateur GrSk
D:5 Raultor's ghost, novice OpTm
D:6 Blork the orc


Innate Abilities, Weirdness & Mutations

You are tiny and cannot use many weapons and most armour.
You have supernaturally acute eyesight.
You are a herbivore.
You cover ground extremely quickly.
You need consume almost no food.


Message History

You shoot a poisoned needle. The poisoned needle hits the cyclops!
The cyclops is lightly wounded.
The cyclops throws a large rock.
The large rock hits you!!
Ouch! That really hurt!
* * * LOW HITPOINT WARNING * * *
You are too injured to fight recklessly!
You start resting.
You are too injured to fight recklessly!
You are too injured to fight recklessly!
You are too injured to fight recklessly!
Firing (i - inventory. (,) - cycle):
f - 16 poisoned needles (quivered)
Press: ? - help, Shift-Dir - straight line, f/p - cyclops
Aim: a cyclops (moderately wounded, poisoned)
You shoot a poisoned needle. The poisoned needle hits the cyclops!
The cyclops looks even sicker.
The cyclops is moderately wounded.
The cyclops throws a large rock.
The large rock completely misses you.
The cyclops throws a large rock.
The large rock hits you!!
Ouch! That really hurt!
You die...

#.# #.# #.#
##^######
#.......##
#........#
#........# ####
#.....@..# ...
#........#..#
#........#..#
#...(.......#
##+#.##.....#
#..........#
#.∩......#.....
#..C.....#.....
#........# ....


You could see a cyclops.

Vanquished Creatures
  A giant frog zombie (D:6)
  A giant frog skeleton (D:4)
  Ijyb (D:3)
  Jessica (D:3)
  A statue (D:4)
  7 adders
  3 oozes
  An adder skeleton (D:4)
  2 worms (D:2)
  5 orcs
  2 giant cockroaches
  12 goblins
  7 hobgoblins
  11 jackals
  6 kobolds
  4 quokkas
  2 ball pythons
  10 bats
  5 giant geckos
  A giant gecko skeleton (D:4)
  3 giant newts
  7 rats
93 creatures vanquished.

Notes
Turn   | Place    | Note
--------------------------------------------------------------
     0 | D:1      | homeworkjunkie the Spriggan Assassin began the quest for the Orb.
     0 | D:1      | Reached XP level 1. HP: 10/10 MP: 2/2
    71 | D:1      | Reached skill level 6 in Stealth
   122 | D:1      | Reached XP level 2. HP: 13/15 MP: 3/3
   725 | D:1      | Reached skill level 7 in Stealth
   725 | D:1      | Reached XP level 3. HP: 18/18 MP: 4/4
  1341 | D:2      | Found a faded altar to an unknown god.
  1696 | D:3      | Noticed Scarn's ghost (amateur GrSk)
  1703 | D:3      | Noticed Ijyb
  1742 | D:2      | Reached XP level 4. HP: 14/23 MP: 5/5
  2211 | D:2      | Found a snail-covered altar of Cheibriados.
  2889 | D:5      | Entered Level 5 of the Dungeon
  2894 | D:4      | Found a sparkling altar of Nemelex Xobeh.
  2895 | D:4      | Found a basalt altar of Yredelemnul.
  2896 | D:4      | Found an opulent altar of Gozag.
  2897 | D:4      | Found a blossoming altar of Fedhas.
  2897 | D:4      | Found a glowing golden altar of the Shining One.
  3012 | D:4      | Found an ancient bone altar of Kikubaaqudgha.
  3013 | D:4      | Found a shadowy altar of Dithmenos.
  3024 | D:4      | Found a radiant altar of Vehumet.
  3025 | D:4      | Noticed a frost-covered statue
  3038 | D:4      | Killed a frost-covered statue
  3038 | D:4      | Reached XP level 5. HP: 22/26 MP: 4/6
  3402 | D:3      | Noticed Jessica
  3406 | D:3      | Killed Jessica
  3437 | D:3      | Killed Ijyb
  3437 | D:3      | Reached skill level 5 in Dodging
  4170 | D:3      | Reached XP level 6. HP: 28/30 MP: 7/7
  4542 | D:5      | Noticed Raultor's ghost (novice OpTm)
  4555 | D:5      | You fall through a shaft for 2 floors!
  4557 | D:7      | Found Ippyhaci's Food Boutique.
  4560 | D:6      | Found Sules's Antique Armour Shop.
  4560 | D:6      | Noticed Blork the orc
  4577 | D:7      | Bought a bread ration for 65 gold pieces
  4577 | D:7      | Bought a bread ration for 65 gold pieces
  4654 | D:7      | Noticed a cyclops
  4691 | D:7      | Hit by a large rock thrown by a cyclops

Action                   |  1- 3 |  4- 6 || total
-------------------------+-------+-------++-------
Melee: Dagger            |   105 |   184 ||   289
 Fire: Blowgun           |    23 |    20 ||    43
Evoke: Wand              |       |     6 ||     6
  Use: Scroll            |     2 |    13 ||    15
       Potion            |     1 |     1 ||     2
 Stab: Sleeping          |    11 |    14 ||    25
  Eat: Royal jelly       |       |     1 ||     1
